[Event "1000GM Summer-II Dual Schev-A 2024"]
[Site "San Jose"]
[Date "2024.07.02"]
[Round "1.1"]
[White "Jimenez Garcia, Emmanuel"]
[Black "Garduno Huerta, Joshua Emiliano"]
[Result "1/2-1/2"]
[ECO "D10"]
[WhiteElo "2370"]
[BlackElo "1967"]
[Annotator "RC"]
[PlyCount "75"]
[EventDate "2024.06.29"]
[EventType "schev"]
[EventCountry "USA"]
[SourceTitle "playchess.com"]
[Source "ChessBase"]
[SourceQuality "1"]
[TimeControl "5400+30"]

1. c4 c6 2. d4 d5 3. cxd5 cxd5 4. Bf4 Nf6 5. e3 Nc6 6. Nc3 Bf5 7. Qb3 Na5 8. Qa4+ Bd7 9. Qc2 Rc8 10. Bd3 e6 11. Nf3 Bb4 12. O-O O-O 13. Rfc1 Bxc3 14. bxc3 Nc4 15. Bg5 h6 16. Bh4 Qa5 17. Bxc4 Rxc4 18. Ne5 Rc7 19. f3 Rfc8 20. Be1 Qa3 21. Qb3 Qa6 22. Rab1 Ba4 23. Qb4 Nd7 24. Ng4 Nb6 25. Bg3 Rc4 26. Qe7 Nd7 27. Be1 R4c7 28. Qh4 Qe2 29. Qf2 Qxf2+ 30. Nxf2 Nb6 31. Nd3 Nc4 32. e4 Bc6 33. Nc5 b6 34. Na6 Rd7 35. e5 Bb7 36. Nb4 Rdc7 37. Nc2 Na5 38. Ne3 1/2-1/2

[Event "1000GM Summer-II Dual Schev-A 2024"]
[Site "San Jose"]
[Date "2024.07.02"]
[Round "1.2"]
[White "Dominguez Aguilar, Guillermo"]
[Black "Arutla, Aditya"]
[Result "0-1"]
[ECO "C47"]
[WhiteElo "2281"]
[BlackElo "2243"]
[Annotator "TA"]
[PlyCount "74"]
[EventDate "2024.06.29"]
[EventType "schev"]
[EventCountry "USA"]
[SourceTitle "playchess.com"]
[Source "ChessBase"]
[SourceQuality "1"]
[TimeControl "5400+30"]

1. e4 e5 2. Nf3 Nc6 3. d4 exd4 4. Nxd4 Nf6 5. Nc3 Bb4 6. Nxc6 bxc6 7. Bd3 d5 8. exd5 O-O 9. O-O Bg4 10. f3 Bh5 {[%emt 0:00:12] The position is equal.} 11. Ne2 Nxd5 12. c4 Bc5+ 13. Kh1 Nb4 14. Nf4 Nxd3 15. Nxd3 Bd4 16. Nf4 Bg6 17. Nxg6 hxg6 18. Rb1 Qf6 19. Bg5 Qxg5 20. Qxd4 Rfd8 {[%emt 0:00:00][%cal Bf8d8,Bd8d2,Bd2c2][%mdl 32] Prevents Qd7.} 21. Qe4 Rd2 22. f4 Qf6 23. f5 g5 (23... Rxb2 24. Rxb2 Qxb2 25. fxg6 (25. Qxc6 Rf8 $11) 25... fxg6 26. Qxc6 $14 (26. Qxg6 Qe2 $11)) 24. Qe3 Rc2 25. Qb3 Re2 $36 {[%emt 0:00:00][%mdl 2048] Black has some pressure.} 26. Qb7 Rd8 27. Qxc7 (27. Qxa7 $15 Rdd2 (27... Rxb2 28. Rxb2 Qxb2 29. Qxc7 $11) 28. Qb8+ Kh7 29. Qb3) 27... Rdd2 $17 (27... Rxb2 $2 28. Rxb2 (28. Qxa7 Rxb1 29. Rxb1 Qxf5 $17) 28... Qd4 29. Rb7 $18 (29. Rb8 Rxb8 30. Qxb8+ Kh7 $18)) 28. Rg1 Qxf5 {[%emt 0:00:00][%cal Oe2g2] Strongly threatening ...Rxg2! Active counter play!} 29. Rbf1 {[%emt 0:00:52] [#]} Qe6 (29... Qd7 $142 $1 30. Qxd7 Rxd7) 30. Qb8+ ({White should try} 30. Qxa7 f6 (30... Rxb2 31. a4 $15) (30... Qxc4 31. Rc1 $17) 31. b3) 30... Kh7 31. Qxa7 f6 ({Not} 31... Rxb2 32. Rxf7 Qg6 33. Rf3 $11) 32. Qc5 Rxb2 33. a4 (33. Qf5+ $17 Qxf5 34. Rxf5) 33... Kg6 $19 {[%emt 0:00:00] Threatens to win with ...Qe4.} 34. Qd4 Rbd2 35. Qc3 Qg4 (35... Qe4 $19 36. Rf3 Ra2) 36. h3 $2 {[%emt 0:00:24][%mdl 8192] [#]} (36. Re1 $15) 36... Rxg2 $1 37. Qd3+ (37. Rxf6+ gxf6) 37... Kh6 {[%emt 0:00:00] Weighted Error Value: White=0.28 (precise) /Black=0.16 (very precise) .  Loses game:     	White=1     	---        Mistake:       	White=3     	Black=2      Inaccurate:     	White=4     	Black=1      OK:         	White=11    	Black=14     Best:        	White=1     	Black=3      Strong:       	---       	Black=1} (37... f5 38. Qd6+ Rxd6 39. hxg4 $15) 0-1

[Event "1000GM Summer-II Dual Schev-A 2024"]
[Site "San Jose"]
[Date "2024.07.02"]
[Round "1.3"]
[White "Figueredo Losada, Leonel"]
[Black "Solis Castro, Angel Alejan"]
[Result "1-0"]
[ECO "A31"]
[WhiteElo "2314"]
[BlackElo "2003"]
[Annotator "TA"]
[PlyCount "127"]
[EventDate "2024.06.29"]
[EventType "schev"]
[EventCountry "USA"]
[SourceTitle "playchess.com"]
[Source "ChessBase"]
[SourceQuality "1"]
[TimeControl "5400+30"]

1. Nf3 Nf6 2. c4 e6 3. Nc3 c5 4. e4 d6 5. d4 cxd4 6. Nxd4 b6 7. Be3 Bb7 8. f3 Nbd7 {[%emt 0:02:17] A31: Symmetrical English: 2 Nf3 Nf6 3 d4.} 9. Qd2 a6 10. g4 Ne5 11. g5 Nfd7 12. Be2 Rc8 13. b3 Be7 14. h4 Nc5 15. Kf2 O-O $146 ({Predecessor:} 15... Nc6 16. Nxc6 Bxc6 17. b4 Nd7 18. f4 {½-½ Mariotti,S (2350)-Shytaj,L (2341) Montecatini Terme 12th 2005 (6)}) 16. Kg2 Re8 17. Rac1 Bf8 18. Rhd1 Qc7 19. Qe1 Qb8 20. Qf2 Rc7 21. Kg1 Rec8 22. Qe1 Ncd7 23. h5 Nc6 24. g6 Be7 25. gxf7+ Kxf7 26. Qg3 Nf6 27. f4 Nxd4 28. Bxd4 b5 29. e5 b4 30. Na4 Ne4 31. Qg4 d5 $2 (31... dxe5 $16 {is a better defense.} 32. Bxe5 Nf6) 32. f5 (32. Nb6 $18) 32... exf5 $16 33. Qxf5+ $2 ({White has to play} 33. Rf1 $1 $16 Kg8 34. Rxf5 (34. Qxf5 Ng3 $14) 34... dxc4 35. e6 (35. Bxc4+ Rxc4 36. bxc4 Rd8 $11)) 33... Kg8 $11 34. h6 $2 (34. Nb6 $11 Rf8 35. Qe6+ Kh8 36. Qg4 (36. Nxd5 Bc5 $17) (36. cxd5 $2 Ng5 $19)) 34... Bg5 35. Rb1 (35. Rc2 $142 Rf8 (35... Bxh6 36. Nb6 $17) 36. Qe6+ Kh8 37. Nb6) 35... Rf7 $19 (35... Bxh6 36. Nb6 Rf8 37. Qe6+ Kh8 38. Rf1) (35... gxh6 36. Bf3) 36. Qg4 $2 (36. Qh3 Bxh6 (36... gxh6 37. Nb6 $11) 37. Rf1) 36... Bxh6 $2 (36... Rc6 $19 37. Rf1 Rxf1+ (37... Rxh6 38. Rxf7 Kxf7 39. Qd7+ Kg8 40. Rf1 $11) 38. Rxf1 Rg6 (38... Bxh6 39. Qd7 $11)) 37. cxd5 $2 (37. Nb6 Rc6 38. Rf1 (38. Nxd5 $2 Rg6 $19) (38. Nd7 $2 Qe8 $19) 38... Rg6 39. Rxf7 Rxg4+ (39... Kxf7 $2 40. Rf1+ Kg8 41. Nd7 $19) 40. Bxg4 Kxf7 $19) ({White must play} 37. Rf1 $1 $15 Rcf8 38. Rxf7 Rxf7 39. Rf1 Rxf1+ 40. Bxf1) 37... Bxd5 38. Rf1 $2 (38. Bc4 Bxc4 39. bxc4) 38... Rcf8 $2 (38... Rc6 $19 39. Rxf7 Rg6) 39. Rxf7 $1 $15 Rxf7 40. Rf1 $1 Rxf1+ 41. Bxf1 Ng5 42. Bc4 (42. Qd7 $1 $11 {remains equal.} Be6 43. Bc4 Bxc4 44. bxc4) 42... Bxc4 $17 43. bxc4 Qd8 44. Kf1 Qe8 ({Black should play} 44... Nf3 $1 $17 {[%cal Rf3h2] ( -> ...Nh2+)} 45. Qe6+ Kh8) 45. Nb6 ({Better is} 45. Nc5 $15) 45... Ne6 $17 46. Bf2 Qc6 $2 (46... a5 $17 {Strongly threatening ...Bg5.} 47. Qe4 a4) 47. Nd5 $11 Kf7 48. Qf5+ Ke8 49. Qh5+ Kf8 50. Qf3+ {[%emt 0:00:41] [#]} (50. Qf5+ $11 Ke8 51. Qh5+ Kf8 52. Qf5+ Ke8) 50... Nf4 ({Black should try} 50... Bf4 $1 $17 51. Qd3 g6 (51... Bxe5 52. Qe4 $15)) 51. Qe4 $11 Nxd5 $2 (51... Qg6 $11 52. Qxg6 Nxg6) 52. cxd5 $18 Qc1+ {[%emt 0:00:09] [#]} 53. Kg2 $1 Qf4 (53... Qg5+ 54. Bg3 Qe7 (54... Qd2+ $2 55. Kh3 $18) 55. e6 $18 (55. Qxh7 Qg5 $18)) 54. Bc5+ Ke8 $2 {[%emt 0:00:08] [#]} (54... Kf7 55. e6+ (55. Qxb4 Qg5+ 56. Kf1 Qf5+ 57. Kg2 Qg5+ 58. Kf1 Qxe5 $11) 55... Kf6 56. Qd4+ (56. Qxb4 Qg5+ 57. Kf1 Qxd5 $15) 56... Qxd4 57. Bxd4+ Kg6) 55. Qxb4 $2 (55. Qxf4 $1 $18 {White threatens Qf8+ and mate.} Bxf4 56. e6) 55... Qxb4 $4 (55... Qg5+ $11 56. Kf3 Qf5+ 57. Kg2 Qg6+ 58. Kh1 Qh5+ 59. Kg2 Qg5+ 60. Kf3 Qf5+ 61. Kg2 Qg5+) 56. Bxb4 $18 Bf4 57. e6 Bc7 58. d6 Bb6 59. Kf3 a5 60. Ba3 Bd4 61. Ke4 Bg1 62. Kd5 h5 63. d7+ Kd8 64. Kc6 1-0

[Event "1000GM Summer-II Dual Schev-A 2024"]
[Site "San Jose"]
[Date "2024.07.03"]
[Round "2.1"]
[White "Arutla, Aditya"]
[Black "Jimenez Garcia, Emmanuel"]
[Result "0-1"]
[ECO "B11"]
[WhiteElo "2243"]
[BlackElo "2370"]
[Annotator "TA"]
[PlyCount "64"]
[EventDate "2024.06.29"]
[EventType "schev"]
[EventCountry "USA"]
[SourceTitle "playchess.com"]
[Source "ChessBase"]
[SourceQuality "1"]
[TimeControl "5400+30"]

1. e4 c6 2. Nf3 d5 3. Nc3 Bg4 4. h3 Bxf3 5. Qxf3 e6 6. Be2 Bc5 7. O-O Ne7 8. Rd1 d4 {[%emt 0:00:26] The position is equal.} 9. Nb1 Nd7 10. Qg3 h5 11. b4 Bb6 12. Qb3 (12. d3 $11 {remains equal.}) 12... g5 $17 13. c3 (13. Na3 $17 {keeps fighting.}) 13... Ne5 {[%emt 0:08:32] aiming for ...d3.} 14. Bb2 $2 (14. d3 $17 g4 15. h4) 14... d3 $19 15. Bf1 {[%emt 0:00:28] [#]} Bxf2+ $1 16. Kxf2 (16. Kh1 N7g6) 16... Qb6+ {[%emt 0:00:06] Black mates.} 17. Ke1 Qg1 18. Rc1 Rh6 19. Qd1 Rf6 20. Qe2 dxe2 21. Kxe2 Rf2+ 22. Kd1 Qxf1+ 23. Kc2 Qd3+ 24. Kb3 a5 25. a4 axb4 26. Na3 bxa3 27. Rxa3 Qc4+ 28. Kc2 {[%emt 0:00:05] [#]} Rxd2+ $3 29. Kxd2 Qd3+ 30. Ke1 Qe3+ 31. Kd1 Qxe4 32. Rca1 Nc4 {[%emt 0:00:10] White got outplayed after the opening.   Weighted Error Value: White=1.20/Black=0.05 (flawless) .  Loses game:     	White=1     	---        Mistake:       	White=2     	---        Inaccurate:     	White=2     	Black=1      OK:         	White=2     	Black=2      Best:        	---       	Black=2} 0-1

[Event "1000GM Summer-II Dual Schev-A 2024"]
[Site "San Jose"]
[Date "2024.07.03"]
[Round "2.2"]
[White "Solis Castro, Angel Alejan"]
[Black "Dominguez Aguilar, Guillermo"]
[Result "0-1"]
[ECO "A08"]
[WhiteElo "2003"]
[BlackElo "2281"]
[Annotator "TA"]
[PlyCount "52"]
[EventDate "2024.06.29"]
[EventType "schev"]
[EventCountry "USA"]
[SourceTitle "playchess.com"]
[Source "ChessBase"]
[SourceQuality "1"]
[TimeControl "5400+30"]

1. Nf3 d5 2. g3 Nf6 3. Bg2 c5 4. O-O Nc6 5. d3 Bg4 6. Nbd2 e6 7. e4 Be7 8. c3 O-O 9. Qe1 (9. h3 $11 Bh5 10. g4) 9... Rc8 {[%emt 0:03:42] Black is slightly better.} 10. h3 Bh5 11. g4 Bg6 12. Qe2 {[%emt 0:00:49] [#]} c4 {[%emt 0:14:02] Black is more active.} 13. dxc4 $11 Nxe4 ({Much worse is} 13... Bxe4 14. Nxe4 Nxe4 15. Bf4 $14) 14. cxd5 exd5 15. Nb3 Qc7 16. Nbd4 Rfe8 17. Be3 h5 18. Nxc6 (18. Rae1 $11 {remains equal.}) 18... bxc6 $17 19. c4 $2 {[%emt 0:00:38] This costs White the game.} (19. Rad1 $17) 19... hxg4 20. hxg4 {[%emt 0:00:38] [#]} Ng3 $1 21. fxg3 {[%emt 0:05:00] [#]} (21. Qd2 Nxf1) 21... Bc5 $1 22. Kh2 Rxe3 23. Qf2 dxc4 24. Rac1 {[%emt 0:06:17] Black is clearly winning.} Bd3 {[%emt 0:01:45] Strongly threatening ...Re5. A strong pair of Bishops.} 25. Rfd1 (25. Ng5 $142) 25... Bb6 26. Qd2 Re2 {[%emt 0:01:29] Weighted Error Value: White=0.68/Black=0.28 (precise) .  Loses game:     	White=1     	---        Mistake:       	White=3     	Black=1      Inaccurate:     	White=4     	Black=1      OK:         	White=5     	Black=6      Best:        	White=1     	---        Brilliant:      	---       	Black=2} 0-1

[Event "1000GM Summer-II Dual Schev-A 2024"]
[Site "San Jose"]
[Date "2024.07.03"]
[Round "2.3"]
[White "Ganesan, Vikrant"]
[Black "Figueredo Losada, Leonel"]
[Result "0-1"]
[ECO "D27"]
[WhiteElo "2038"]
[BlackElo "2314"]
[Annotator "RC"]
[PlyCount "50"]
[EventDate "2024.06.29"]
[EventType "schev"]
[EventCountry "USA"]
[SourceTitle "playchess.com"]
[Source "ChessBase"]
[SourceQuality "1"]
[TimeControl "5400+30"]

1. d4 d5 2. c4 dxc4 3. Nf3 Nf6 4. e3 a6 5. Bxc4 e6 6. O-O c5 7. dxc5 Bxc5 8. Qxd8+ Kxd8 9. b3 Ke7 10. Bb2 Nbd7 11. Nbd2 b5 12. Be2 Bb7 13. Rfd1 Rhc8 14. Rac1 g6 15. Kf1 Nd5 16. Nd4 Rc7 17. a3 Rac8 18. Bd3 e5 19. N4f3 f6 20. Ke2 Bb6 21. Rxc7 Rxc7 22. Rc1 Rxc1 23. Bxc1 Nc3+ 24. Ke1 e4 25. Bb2 exf3 0-1

[Event "1000GM Summer-II Dual Schev-A 2024"]
[Site "San Jose"]
[Date "2024.07.03"]
[Round "2.4"]
[White "Fierro Baquero, Martha L."]
[Black "Rajaram, Rohan"]
[Result "1/2-1/2"]
[ECO "A09"]
[WhiteElo "2273"]
[BlackElo "2062"]
[Annotator "TA"]
[PlyCount "156"]
[EventDate "2024.06.29"]
[EventType "schev"]
[EventCountry "USA"]
[SourceTitle "playchess.com"]
[Source "ChessBase"]
[SourceQuality "1"]
[TimeControl "5400+30"]

1. Nf3 d5 2. g3 g6 3. Bg2 Bg7 4. O-O e5 5. c4 dxc4 6. Qa4+ c6 7. Qxc4 Ne7 {[%emt 0:00:12] A09: Réti Opening: 1 Nf3 d5 2 c4.} 8. d3 O-O 9. Nc3 {[%emt 0:01:06] is the legacy move (9.Nbd2).} Nd7 10. Bd2 Nb6 11. Qh4 $146 ({Predecessor:} 11. Qc5 Nd7 12. Qa3 Nf5 13. Rac1 Nb6 14. e4 Nd4 15. Nxd4 Qxd4 16. Be3 Qd8 17. Rfd1 {½-½ Berkovich,M (2336)-Nordstrom,F (2050) Wch Seniors 65 29th 2019 (8)}) 11... f6 12. Qb4 Ned5 13. Qa5 Nxc3 14. bxc3 Be6 15. Rab1 Qd7 16. Rfd1 Rfd8 17. Be1 Qf7 18. c4 Re8 19. Nd2 Nc8 20. Ne4 Bf8 21. Bb4 Bxb4 22. Qxb4 Rb8 23. a4 Kg7 24. a5 b5 25. Qc5 Qd7 26. d4 exd4 27. Rxd4 Qf7 28. cxb5 Rxb5 29. Rxb5 cxb5 30. Qxb5 Bf5 31. Nc5 Qa2 32. Qxe8 Qa1+ 33. Bf1 Qxd4 34. Ne6+ Bxe6 35. Qxe6 Qd8 36. e4 Nd6 37. Qd5 (37. e5 $142 fxe5 38. Qxe5+ Kf7 39. Qd5+ Ke7 40. Bh3) 37... Qe7 $18 38. Bd3 Nf7 39. a6 Nd6 (39... Qd8 $16 {might work better.}) 40. Kg2 Nf7 41. Qb7 Qc5 $2 (41... Kf8 {was necessary.} 42. h4 Nd6 43. Qa8+ Kg7) 42. Bb5 (42. Bb1 $142 {Black must now prevent Ba2.} Kf8 43. Ba2) 42... Kg8 43. Bc6 Ne5 44. Bd5+ Kh8 45. Qb8+ Kg7 46. Qb7+ Kh8 $1 47. Qb2 Kg7 48. Qd2 ({Better is} 48. Qb3 $16) 48... Qb6 (48... g5 $14) 49. Bb7 (49. f4 $16 Nc6 50. Qf2 Qxa6 51. Bxc6 Qxc6 52. Qxa7+ Kg8 53. Qb8+ Kg7 54. Qa7+ Kg8 55. Qa2+ Kg7 56. Kf3) 49... Qc7 ({Black should play} 49... Qb3 $14) 50. Qd4 $16 Nd7 51. h4 h5 (51... Nc5 $16 52. Kf3 Qe7 (52... Nxb7 $2 53. Qxa7 Qc1 54. Kg2 $18)) 52. Qe3 (52. Qxa7 Nb6 $11) 52... Nc5 53. Qd4 Nd7 $1 (53... Nxb7 54. Qxa7 (54. axb7 Qxb7 55. Qe3 f5 $11) 54... Qe7 55. Qxb7 Kf8 56. Qxe7+ Kxe7 57. a7 Ke8 58. a8=Q+ (58. a8=B Kf8 $18) 58... Kd7 59. Qd5+ Kc7 60. Kf3 (60. Qf7+ Kd6 61. Qxf6+ Kc5 62. e5 Kc4 63. e6 g5 64. e7 gxh4)) 54. Qd5 (54. Qxa7 Nb6 $11) 54... Nb6 $2 (54... Nc5 55. Kg1 Qe7) 55. Qe6 $18 Qd7 (55... Qf7 $142 56. Qd6 Qd7) 56. Qxd7+ $18 Nxd7 57. f4 Kf8 58. Kf3 Ke7 59. Ke3 (59. Bd5 $142) 59... Nc5 60. Kd4 Nb3+ 61. Ke3 $2 (61. Kd5 Nc1 62. Kc6) 61... Nc5 $1 $18 62. Kd4 $2 (62. f5 gxf5 63. exf5) 62... Nb3+ $18 63. Kd5 Nd2 64. e5 Nf1 65. Bc8 Nxg3 66. Kc6 fxe5 67. fxe5 Kd8 68. Kb7 Ne4 69. Kb8 Nc3 70. Be6 Ne4 71. Bf7 g5 72. hxg5 (72. Bxh5 gxh4 73. Bg4 (73. Kxa7 Kc7 $11) 73... Nc3 $11) 72... Nxg5 73. Bxh5 $2 (73. e6 $18 {has better winning chances.} h4 74. Kxa7) 73... Ne6 $16 74. Kxa7 $2 (74. Bg4 $16 Nf4 75. Bf5 (75. Kxa7 Kc7 $11)) 74... Kc7 $11 75. Bg4 Nf4 76. Bf3 Ng6 77. e6 Ne7 78. Be4 $2 (78. Bd1 $11) 78... Nc8+ 1/2-1/2

[Event "1000GM Summer-II Dual Schev-A 2024"]
[Site "San Jose"]
[Date "2024.07.03"]
[Round "2.5"]
[White "Sanchez, Sebastian Felipe"]
[Black "Garduno Huerta, Joshua Emiliano"]
[Result "1-0"]
[ECO "D02"]
[WhiteElo "2400"]
[BlackElo "1967"]
[Annotator "RC"]
[PlyCount "75"]
[EventDate "2024.06.29"]
[EventType "schev"]
[EventCountry "USA"]
[SourceTitle "playchess.com"]
[Source "ChessBase"]
[SourceQuality "1"]
[TimeControl "5400+30"]

1. d4 d5 2. Nf3 Nf6 3. Bf4 e6 4. e3 Bd6 5. Nbd2 O-O 6. Bg3 c5 7. c3 Qc7 8. Ne5 Nbd7 9. f4 b5 10. a3 b4 11. axb4 cxb4 12. c4 dxc4 13. Bxc4 Bb7 14. O-O Bxe5 15. fxe5 Ne4 16. Nxe4 Bxe4 17. Ba6 Rab8 18. Qg4 Bg6 19. Rfc1 Qb6 20. Qf3 b3 21. Bh4 Rfe8 22. Rc6 Qb4 23. Rc7 Nxe5 24. Qf4 Qd2 25. Qxe5 Qxb2 26. Rf1 Qa3 27. Bd3 Bxd3 28. Rcxf7 Qf8 29. Rxf8+ Rxf8 30. Rd1 b2 31. h3 Rb6 32. Kh2 Rf1 33. Qc7 h6 34. Bg3 Rxd1 35. Be5 Kf8 36. Bxg7+ Kg8 37. Bf6 Rh1+ 38. Kg3 1-0

[Event "1000GM Summer-II Dual Schev-A 2024"]
[Site "San Jose"]
[Date "2024.07.03"]
[Round "3.1"]
[White "Jimenez Garcia, Emmanuel"]
[Black "Solis Castro, Angel Alejan"]
[Result "1-0"]
[ECO "A30"]
[WhiteElo "2370"]
[BlackElo "2003"]
[Annotator "TA"]
[PlyCount "61"]
[EventDate "2024.06.29"]
[EventType "schev"]
[EventCountry "USA"]
[SourceTitle "playchess.com"]
[Source "ChessBase"]
[SourceQuality "1"]
[TimeControl "5400+30"]

1. Nf3 Nf6 2. g3 b6 3. Bg2 Bb7 4. O-O c5 5. c4 e6 6. Nc3 Be7 7. d4 cxd4 8. Qxd4 O-O 9. Rd1 Nc6 10. Qf4 a6 11. b3 Rc8 12. e4 b5 13. e5 Ne8 14. cxb5 {[%emt 0:01:31][%cal Bc4b5,Bb5a6,Ba6b7][%mdl 32] White is much more active. The black rooks are passive. White is better.} Nb4 15. Bb2 f6 (15... axb5 $142 16. Nxb5 f6) 16. bxa6 fxe5 $2 (16... Bxa6 $16 17. Qd2 Nd3) 17. Qxf8+ $18 Bxf8 18. axb7 Rc7 19. Nxe5 d5 20. Bh3 Nd6 21. Bxe6+ Kh8 22. Nxd5 Nxd5 23. Rxd5 Rxb7 {[%emt 0:06:40] [#]} 24. Nf7+ $1 Rxf7 {[%emt 0:01:35] Black is weak on the dark squares} (24... Nxf7 25. Rxd8) 25. Bxf7 {[%emt 0:00:03] A strong pair of Bishops.} Qc7 26. Bh5 Qc2 27. Bd4 Qe4 {[%emt 0:00:20] [#]} 28. Rd1 $1 Kg8 29. Bc5 Nb7 30. Bxf8 {[%emt 0:00:00][%cal Od5d7] White wants to mate with Rd7!} Kxf8 {[%emt 0:00:02] [#]} 31. Rd8+ $1 {[%emt 0:00:00] Black did not feel at home in the position after the opening.   Weighted Error Value: White=0.38/Black=0.82.  Mistake:       	---       	Black=2      Inaccurate:     	---       	Black=3      OK:         	White=4     	Black=1      Best:        	White=3     	Black=1} 1-0

[Event "1000GM Summer-II Dual Schev-A 2024"]
[Site "San Jose"]
[Date "2024.07.03"]
[Round "3.2"]
[White "Dominguez Aguilar, Guillermo"]
[Black "Ganesan, Vikrant"]
[Result "1-0"]
[ECO "E06"]
[WhiteElo "2281"]
[BlackElo "2038"]
[Annotator "TA"]
[PlyCount "59"]
[EventDate "2024.06.29"]
[EventType "schev"]
[EventCountry "USA"]
[SourceTitle "playchess.com"]
[Source "ChessBase"]
[SourceQuality "1"]
[TimeControl "5400+30"]

1. c4 Nf6 2. g3 e6 3. Bg2 d5 4. Nf3 c6 5. O-O Be7 6. d4 O-O 7. Nc3 b6 8. Nd2 Bb7 9. e4 Nxe4 10. Ndxe4 {[%emt 0:00:46] White is slightly better.} dxe4 11. Nxe4 Nd7 12. Qc2 c5 13. dxc5 Nxc5 ({Black should play} 13... f5 $14 14. Nf6+ Bxf6 15. Bxb7 Rb8) 14. Nxc5 $16 Bxg2 15. Nxe6 $40 {[%emt 0:00:29][%mdl 128] White goes for the king.} ({Don't play} 15. Kxg2 $6 Bxc5 16. b3 e5 $11) 15... Qc8 {[%emt 0:01:20] This costs Black the game.} (15... fxe6 $16 16. Kxg2 Bc5) 16. Nxf8 $18 ({Less strong is} 16. Kxg2 Qxe6 17. Bd2 Qc6+ 18. Kg1 h5 $16) 16... Qh3 {[%emt 0:05:51][%cal Oe7f8] [#]} 17. Qxh7+ $1 Qxh7 18. Nxh7 Bxf1 19. Kxf1 Kxh7 {[%emt 0:00:02][%mdl 4096] Endgame. KRB-KRB} 20. Be3 Bf6 21. Rb1 Kg6 22. b3 Rd8 23. Ke2 Kf5 24. h4 Re8 25. Rd1 Re7 26. Rd5+ Kg4 27. a4 Kh3 (27... Rb7 $142 28. b4 Be7) 28. Kf3 {[%emt 0:00:22] [#] Black must now prevent Rd1. White is clearly winning.} g6 29. Rd1 Kh2 {[%emt 0:00:11] Dodges Rh1+} 30. Bf4 {[%emt 0:00:22] Weighted Error Value: White=0.01 (flawless) /Black=0.47.  Mistake:       	---       	Black=3      Inaccurate:     	---       	Black=2      OK:         	White=10    	Black=9      Best:        	White=2     	---        Brilliant:      	White=1     	---} 1-0

[Event "1000GM Summer-II Dual Schev-A 2024"]
[Site "San Jose"]
[Date "2024.07.03"]
[Round "3.3"]
[White "Rajaram, Rohan"]
[Black "Figueredo Losada, Leonel"]
[Result "1/2-1/2"]
[ECO "A40"]
[WhiteElo "2062"]
[BlackElo "2314"]
[Annotator "RC"]
[PlyCount "56"]
[EventDate "2024.06.29"]
[EventType "schev"]
[EventCountry "USA"]
[SourceTitle "playchess.com"]
[Source "ChessBase"]
[SourceQuality "1"]
[TimeControl "5400+30"]

1. d4 e6 2. c4 Bb4+ 3. Bd2 Qe7 4. a3 Bxd2+ 5. Qxd2 d6 6. Nc3 Nf6 7. e3 O-O 8. Bd3 e5 9. Nge2 Re8 10. O-O c5 11. Rae1 Qd8 12. Rd1 Qe7 13. Rfe1 e4 14. Bc2 Bg4 15. h3 Bxe2 16. Nxe2 Nbd7 17. Ng3 Nb6 18. Qe2 Qe6 19. b3 a5 20. a4 Nbd7 21. Qd2 Nf8 22. Qe2 Ng6 23. f3 exf3 24. Qxf3 b6 25. Re2 Rad8 26. Bf5 Qe7 27. Bd3 Qe6 28. Bf5 Qe7 1/2-1/2